Map: Prion Terraces

Players

TONNYXX

  • Race: Terran Terran
  • League: Master

Miszu - Winner!

  • Race: Terran Terran
  • League: Master

VOD

Have the link to the VOD?

Description

Time

  • Played on: March 18, 2016, 5:22 p.m.
  • Length: 9:08
Show
View Real Time Build Order
Export as new Build Order

TONNYXX Terran 

Build Orders: Mech 

Get SALT Encoding   

  12  0:01  SCV  
  13  0:13  SCV  
  14  0:18  Supply Depot  
  14  0:25  SCV  
  15  0:39  SCV  
  15  0:41  Barracks  
  16  0:48  Refinery  
  16  0:51  SCV  
  17  1:04  Barracks  
  17  1:06  SCV  
  18  1:18  Refinery, SCV  
  19  1:31  Reaper  
  20  1:33  Orbital Command  
  20  1:51  Reaper  
  20  1:52  Supply Depot  
  21  1:59  SCV  
  22  2:05  Reaper  
  23  2:13  SCV  
  24  2:24  Reaper  
  24  2:25  SCV  
  24  2:26  Factory  
  26  2:37  Reaper  
  26  2:50  SCV  
  27  2:53  Supply Depot  
  27  2:56  Reaper  
  28  3:02  SCV  
  28  3:04  Command Center  
  29  3:10  Hellion  
  31  3:15  Starport  
  32  3:27  SCV  
  32  3:31  Reaper  
  32  3:34  Hellion  
  35  3:39  Supply Depot, SCV  
  36  3:47  Engineering Bay  
  36  3:51  SCV  
  36  3:54  Viking  
  39  4:05  Factory Tech Lab  
  39  4:16  Orbital Command  
  39  4:19  Missile Turret  
  39  4:24  Cyclone, Missile Turret  
  39  4:29  SCV  
  43  4:35  Viking  
  45  4:43  Orbital Command  
  45  4:56  Siege Tank  
  45  4:57  Factory  
  43  5:14  SCV  
  43  5:16  SCV  
  45  5:22  Starport Reactor  
  45  5:26  SCV  
  45  5:27  Missile Turret  
  46  5:30  Siege Tank  
  49  5:36  SCV  
  49  5:42  Refinery  
  50  5:43  SCV  
  50  5:44  Refinery  
  50  5:48  SCV  
  50  5:49  Supply Depot  
  52  5:52  Factory  
  52  5:54  Factory Reactor  
  52  5:58  SCV  
  52  6:01  SCV  
  56  6:04  Hellion  
  56  6:10  SCV  
  57  6:16  Viking  
  57  6:17  SCV  
  60  6:21  Command Center  
  60  6:22  SCV  
  60  6:29  SCV  
  61  6:35  Hellion  
  61  6:36  Hellion  
  61  6:37  SCV  
  61  6:39  Factory Tech Lab  
  66  6:44  Hellion, Infernal Pre-Igniter  
  68  6:52  SCV  
  69  7:00  Supply Depot  
  69  7:01  Medivac x2  
  69  7:05  SCV  
  69  7:06  Hellion  
  69  7:08  Hellion  
  79  7:23  Siege Tank  
  79  7:24  Hellion  
  79  7:27  Supply Depot  
  79  7:29  Supply Depot  
  83  7:31  SCV  
  82  7:46  Medivac  
  82  7:47  Hellion, Siege Tank  
  82  7:48  Hellion  
  91  7:55  Siege Tank  
  94  7:58  SCV  
  94  8:00  Supply Depot x2  
  95  8:06  Refinery  
  95  8:14  Hellion  
  95  8:15  SCV, Armory  
  98  8:27  Hellion x2  
  100  8:42  Barracks  
Show
View Real Time Build Order
Export as new Build Order

Miszu Terran - Winner!

Build Orders: MMM Bio, Banshee Rush 

Get SALT Encoding   

  12  0:01  SCV  
  13  0:13  SCV  
  14  0:17  Supply Depot  
  14  0:25  SCV  
  14  0:27  Refinery  
  15  0:39  SCV  
  16  0:45  Barracks  
  16  0:51  SCV  
  16  0:54  Refinery  
  17  1:03  SCV  
  18  1:15  SCV  
  20  1:33  Factory, Orbital Command  
  20  1:34  Reaper  
  20  1:43  Supply Depot  
  20  2:00  SCV  
  21  2:06  Reaper  
  22  2:12  SCV  
  23  2:20  Hellion  
  24  2:24  SCV  
  25  2:36  SCV  
  26  2:38  Reaper  
  27  2:48  SCV  
  27  2:49  Hellion  
  27  2:50  Starport  
  30  2:57  Supply Depot  
  30  3:01  SCV  
  31  3:11  Barracks Tech Lab  
  31  3:18  SCV  
  31  3:19  Hellion  
  34  3:20  Supply Depot  
  34  3:33  SCV  
  35  3:38  Barracks Reactor  
  35  3:40  Cloaking Field, Banshee  
  38  3:45  SCV  
  39  3:51  Hellion  
  41  4:00  Command Center  
  41  4:02  SCV  
  42  4:13  Factory Tech Lab  
  42  4:14  SCV  
  42  4:16  Marine  
  42  4:17  Marine  
  47  4:41  Supply Depot, SCV  
  46  4:50  Supply Depot  
  46  4:54  Barracks  
  46  4:55  Barracks  
  46  4:56  SCV  
  47  5:02  Banshee  
  48  5:08  SCV  
  42  5:14  Orbital Command  
  42  5:15  Marine x2  
  42  5:19  Siege Tank  
  42  5:21  SCV  
  43  5:32  Marine  
  43  5:33  SCV  
  45  5:39  Engineering Bay  
  45  5:42  Barracks Tech Lab x2  
  45  5:44  Orbital Command  
  45  5:45  SCV  
  46  5:51  Siege Tank  
  46  5:56  Starport Reactor  
  49  5:57  SCV  
  49  5:58  Marine  
  49  5:59  Marine  
  49  6:01  Stimpack, Combat Shields  
  52  6:05  Marine x2  
  52  6:06  Terran Infantry Weapons Level 1  
  52  6:09  SCV  
  52  6:10  SCV  
  56  6:16  Marine x2  
  58  6:21  SCV  
  59  6:25  Marine  
  59  6:26  Marine  
  61  6:34  Marine x2  
  61  6:39  Medivac x2  
  67  6:41  SCV  
  67  6:42  SCV  
  67  6:44  Refinery x2  
  71  6:47  Barracks  
  71  6:51  Barracks  
  71  6:52  Marine x2  
  71  6:53  Marauder  
  75  6:54  Marauder  
  75  6:57  Siege Tank  
  78  7:05  Supply Depot  
  78  7:07  Supply Depot  
  78  7:09  SCV x2  
  78  7:12  Marine  
  78  7:15  Marauder  
  83  7:20  Marine  
  83  7:22  Marauder  
  86  7:27  Medivac x2  
  90  7:30  Supply Depot, Marine  
  90  7:36  Marine  
  93  7:43  Marine  
  96  7:47  Marine  
  96  7:52  Barracks Reactor  
  96  7:56  Marauder  
  96  7:57  Marauder  
  98  7:59  Supply Depot x2  
  98  8:01  Marine  
  98  8:02  Medivac x2  
  103  8:05  Marine  
  103  8:09  Marauder  
  103  8:10  Concussive Shells  
  106  8:22  Marine  
  106  8:23  Marauder  
  109  8:29  Marine x3, Marauder  
  109  8:30  Marine  
  115  8:37  Command Center  
  115  8:40  Marine  
  116  8:44  Marauder  
Tags
 
Composition
MMM BioMech
Matchup
TvT
Race
Terran
Strategy
Banshee Rush
Add a new tag
Caveats
  • Supply blocks, unpowered buildings, or Contaminate may cause inaccurate times.
  • Supply counts are checked every 10 seconds.